 Dungeon Crawl Stone Soup version 0.24.0-13-gcf9b3192b9 (webtiles) character file.

Game seed: 17530818382453521804, levelgen mode: classic

9917 EnegeticOcto the Fighter (level 11, -1/80 HPs)
             Began as a Kobold Skald on Nov 7, 2019.
             Was an Elder of Okawaru.
             Slain by Urug
             ... wielding a +2 war axe of flaming
              (4 damage)
             ... on level 11 of the Dungeon.
             The game lasted 00:25:37 (17783 turns).

EnegeticOcto the Fighter (Kobold Skald)            Turns: 17783, Time: 00:25:38

Health: -1/80      AC: 11    Str: 12    XL:     11   Next: 83%
Magic:  15/15      EV: 10    Int: 15    God:    Okawaru [****..]
Gold:   785        SH:  6    Dex: 14    Spells: 11/14 levels left

rFire    + . .     SeeInvis .   p - +2 scimitar (flame)
rCold    + . .     Gourm    .   C - +2 buckler
rNeg     . . .     Faith    .   w - +2 chain mail {rF+}
rPois    .         Spirit   .   (no helmet)
rElec    .         Reflect  .   (no cloak)
rCorr    .         Harm     .   (no gloves)
MR       +....                  (no boots)
Stlth    ..........             (no amulet)
HPRegen  0.23/turn              m - ring of protection from cold
MPRegen  0.14/turn              G - ring of protection from magic (curse)

@: very slightly contaminated
A: small, carnivore
a: Heroism, Renounce Religion


You were on level 11 of the Dungeon.
You worshipped Okawaru.
Okawaru was greatly pleased with you.
You were completely stuffed.

You visited 2 branches of the dungeon, and saw 12 of its levels.
You also visited: Ossuary.

You collected 785 gold pieces.

Inventory:

Hand Weapons
 a - a +1 dagger of venom
 b - a +3 dagger
 p - a +2 scimitar of flaming (weapon)
Missiles
 l - 128 bolts
Armour
 s - a +0 scale mail
 w - a +2 chain mail of fire resistance (worn)
 C - a +2 buckler (worn)
Jewellery
 m - a ring of protection from cold (left hand)
 G - a cursed ring of protection from magic (right hand)
Wands
 n - a wand of flame (42)
 v - a wand of digging (7)
 E - a wand of clouds (2)
Scrolls
 j - 8 scrolls of teleportation {@r3 !r}
 o - 9 scrolls of remove curse {@r2}
 r - a scroll of identify {@r1}
 t - 2 scrolls of magic mapping {@r5 !r}
 B - 3 scrolls of fog {!r}
Potions
 c - 2 potions of heal wounds {@q2 !q}
 d - 5 potions of brilliance
 f - 11 potions of curing {@q1 !q}
 g - 6 potions of flight
 h - a potion of might {@q3 !q}
 i - 3 potions of degeneration {unknown}
 k - 2 potions of invisibility
 q - a potion of cancellation
 x - a potion of berserk rage
 z - 4 potions of mutation
 A - 6 potions of haste {@q4 !q}
Miscellaneous
 y - a lamp of fire (inert)
 F - a box of beasts
Comestibles
 e - 23 rations
 D - 10 chunks of flesh


   Skills:
 + Level 14.1 Fighting
 - Level 10.0(10.6) Short Blades
 + Level 3.4(5.3) Long Blades
 - Level 5.1 Armour
 + Level 7.4 Dodging
 - Level 6.5 Stealth
 - Level 2.1 Spellcasting
 - Level 2.4 Charms
 - Level 5.0 Invocations
 - Level 6.0 Evocations


You had 11 spell levels left.
You knew the following spells:

 Your Spells              Type           Power        Failure   Level  Hunger
a - Infusion              Chrm           #...         99%         1    #......
b - Shroud of Golubria    Chrm/Tloc      #.....       100%        2    ###....

Your spell library contained the following spells:

 Spells                   Type           Power        Failure   Level  Hunger
 Poisonous Vapours        Pois/Air       #.....       100%        2    ###....
 Song of Slaying          Chrm           #.......     100%        2    ###....
 Conjure Flame            Conj/Fire      #.......     100%        3    ###....
 Mephitic Cloud           Conj/Pois/Air  #.......     100%        3    ###....
 Regeneration             Chrm/Necr      #.........   100%        3    ###....
 Spectral Weapon          Hex/Chrm       #.......     100%        3    ###....
 Freezing Cloud           Conj/Ice/Air   #.........   100%        6    #######
 Ring of Flames           Chrm/Fire      #.........   100%        7    #######


Dungeon Overview and Level Annotations

Branches:
Dungeon (11/15)            Temple (1/1) D:7            Lair (0/6) D:11
    Orc (0/2) D:11        Ossuary (visited)

Altars:
Ashenzari
Cheibriados
Dithmenos
Fedhas
Gozag
Hepliaklqana
Kikubaaqudgha
Makhleb
Nemelex Xobeh
Okawaru
Qazlal
Ru
Sif Muna
Trog
Uskayaw
Wu Jian
Yredelemnul
Zin
The Shining One

Shops:
D:7 =*

Annotations:
D:10 1 runed translucent door
D:11 exclusion: oklob plant, Urug


Innate Abilities, Weirdness & Mutations

You are small and have problems with some larger weapons.
You are carnivorous and can eat meat at any time.


Message History

No target in view!
You now have 785 gold pieces (gained 25).
c - 3 potions of heal wounds {@q2 !q} (gained 1)
r - a scroll of identify {@r1}
Items here: ( )))) †† You butcher the centaur corpse.
D - 6 chunks of flesh You butcher the centaur corpse.
D - 11 chunks of flesh (gained 5)
Items here: ( )))) ÷÷ x2
Found a staircase to the Lair.
Things that are here:
a +0 shortbow; 25 arrows You see here 7 arrows.
You see here an arrow.
Found a stone staircase leading up.
There is a stone staircase leading up here.
Eating one of 11 chunks of flesh.
You eat one of the 11 chunks of flesh.
This raw flesh tastes great.
Found a scale mail.
Found a stone staircase leading down.
An acid dragon comes into view.
An acid dragon is nearby!
An acid dragon is nearby!
You start waiting.
The acid dragon is too close now for your liking.
The acid dragon bites you.
The acid dragon claws you but does no damage.
You hit the acid dragon. You burn the acid dragon.
The acid dragon is lightly wounded.
The acid dragon completely misses you.
You riposte.
You hit the acid dragon but do no damage.
The acid dragon is lightly wounded.
The acid dragon completely misses you.
Your chain mail prevents you from hitting the acid dragon.
The acid dragon is lightly wounded.
The acid dragon spits acid at you. The splash of acid hits you.
You are splashed with acid!
You hear a roar!
You hit the acid dragon but do no damage.
The acid dragon is lightly wounded.
The acid dragon barely misses you.
The acid dragon claws you but does no damage.
You hit the acid dragon. You burn the acid dragon.
The acid dragon is moderately wounded.
The acid dragon bites you but does no damage.
The acid dragon barely misses you.
The acid dragon bites you but does no damage.
The acid dragon barely misses you.
Your chain mail prevents you from hitting the acid dragon.
The acid dragon is moderately wounded.
The acid dragon bites you!
The acid dragon claws you but does no damage.
You barely miss the acid dragon.
The acid dragon is moderately wounded.
You block the acid dragon's attack. x2
Your chain mail prevents you from hitting the acid dragon.
The acid dragon is moderately wounded.
The acid dragon bites you.
The acid dragon claws you but does no damage.
You slash the acid dragon! You burn the acid dragon.
The acid dragon is heavily wounded.
The acid dragon bites you. The acid dragon barely misses you.
You hit the acid dragon. You burn the acid dragon.
The acid dragon is almost dead.
A seven-headed hydra comes into view.
The acid dragon barely misses you. x2
The acid dragon spits acid at you. The splash of acid misses you.
The seven-headed hydra roars!
You hit the acid dragon. You burn the acid dragon.
The acid dragon is almost dead.
The seven-headed hydra bites you but does no damage.
You block the seven-headed hydra's attack.
The seven-headed hydra barely misses you.
The seven-headed hydra bites you! The seven-headed hydra bites you.
The seven-headed hydra bites you but does no damage.
The seven-headed hydra bites you!
* * * LOW HITPOINT WARNING * * *
The acid dragon bites you but does no damage.
The acid dragon barely misses you.
Urug the Orcish Ballista comes into view.
She is wielding a +2 war axe of flaming.
Urug shouts!
Urug throws a javelin.
The javelin pierces through you.
* * * LOW HITPOINT WARNING * * *
Blink to where?
Press: ? - help, Dir - move target cursor You are very lightly contaminated with residual magic.
As you read the scroll of blinking {@r4}, it crumbles to dust.
Urug stares with her one eyeball.
Urug hits you with a +2 war axe of flaming!
* * * LOW HITPOINT WARNING * * *
Urug burns you.
* * * LOW HITPOINT WARNING * * *
Really quaff
c - 3 potions of heal wounds {@q2 !q}?
You feel much better. Urug hits you but does no damage.
Urug hits you with a +2 war axe of flaming!
* * * LOW HITPOINT WARNING * * *
Urug burns you.
You die...

.#...............#
#.########.
#.#############.# ###
#. #######(#### #.
#.......(()## #####.
##.########).####...#.
##..# #..............
##.#.## #....###....###
##.###.####.#...≈...#.#
# #.##
##.@..#..#...#..## .
##.###..o.##.##.. ##.#
. ##.#.###.##. P.. ..
##<## #.##≈ .P>...≈
........# #.# P..
#.####### #.# #D# #.#
#####§# ..


You could see a seven-headed hydra and Urug.

Vanquished Creatures
  A two-headed ogre (D:10)
  Pikel (D:8)
  An ugly thing (D:11)
  2 manticores (D:11)
  Psyche (D:8)
  3 trolls
  A hippogriff (D:5)
  Sigmund (D:2)
  7 yaks
  A wyvern (D:9)
  A steam dragon (D:9)
  A hungry ghost (D:11)
  2 sky beasts
  7 orc warriors
  A slave (D:8)
  A black bear (D:7)
  3 ice beasts
  4 ogres
  9 centaurs
  A crocodile (D:9)
  2 big kobolds
  5 bullfrogs
  4 water moccasin zombies (Ossuary)
  3 scorpions
  3 crimson imps
  2 bullfrog zombies
  10 orc priests
  4 jellies
  7 hounds
  2 bullfrog skeletons
  A centaur skeleton (D:4)
  An iron imp (D:8)
  7 orc wizards
  Jessica (D:2)
  Terence (D:3)
  4 iguanas
  4 worker ants
  3 big kobold zombies (Ossuary)
  A hound skeleton (D:10)
  2 worker ant zombies
  3 mummies
  6 adders
  3 shadow imps
  4 adder zombies (Ossuary)
  An adder skeleton (D:5)
  4 worms
  4 dart slugs
  5 leopard geckos
  71 orcs
  A ball python (D:1)
  A bat zombie (D:9)
  8 giant cockroaches
  11 goblins
  4 hobgoblins
  2 jackals (D:2)
  5 quokkas
  8 bats
  10 frilled lizards
  4 gnoll zombies (Ossuary)
  5 hobgoblin zombies (Ossuary)
  A jackal skeleton (D:6)
  14 kobolds
  4 kobold zombies (Ossuary)
  7 orc zombies (Ossuary)
  A quokka skeleton (D:8)
  A quokka zombie (D:9)
  9 rats
  3 rat zombies (D:9)
316 creatures vanquished.

Vanquished Creatures (collateral kills)
  A wyvern (D:11)
  A big kobold (D:11)
  2 kobolds (D:11)
4 creatures vanquished.

Vanquished Creatures (others)
  Erica (D:8)
  An orc wizard (D:8)
  An orc (D:8)
  9 plants (D:11)
12 creatures vanquished.

Grand Total: 332 creatures vanquished

Notes
Turn   | Place    | Note
-------+----------+-------------------------------------------
     0 | D:1      | EnegeticOcto the Kobold Skald began the quest for the Orb.
     0 | D:1      | Reached XP level 1. HP: 12/12 MP: 3/3
   114 | D:1      | Reached XP level 2. HP: 18/18 MP: 5/5
   156 | D:1      | Reached skill level 1 in Stealth
   774 | D:1      | Reached XP level 3. HP: 22/22 MP: 6/6
  1544 | D:2      | Noticed Jessica
  1551 | D:2      | Killed Jessica
  1551 | D:2      | Reached skill level 3 in Fighting
  1551 | D:2      | Reached XP level 4. HP: 28/28 MP: 2/7
  1611 | D:2      | Found a shimmering blue altar of Sif Muna.
  2319 | D:2      | Noticed Sigmund
  2513 | D:2      | Reached XP level 5. HP: 32/32 MP: 2/8
  3022 | D:1      | Learned a level 2 spell: Shroud of Golubria
  3134 | D:2      | Killed Sigmund
  3134 | D:2      | Reached XP level 6. HP: 38/38 MP: 6/9
  3606 | D:3      | Reached skill level 4 in Fighting
  3812 | D:3      | Found a glowing golden altar of the Shining One.
  3926 | D:3      | Noticed Terence
  3927 | D:3      | Killed Terence
  5039 | D:4      | Reached skill level 5 in Short Blades
  5039 | D:4      | Reached XP level 7. HP: 21/43 MP: 10/10
  5627 | D:4      | Reached skill level 5 in Dodging
  5627 | D:4      | Reached skill level 5 in Stealth
  5835 | D:4      | Found a hide-covered altar of Uskayaw.
  5839 | D:4      | Found an opulent altar of Gozag.
  5859 | D:4      | Found a blossoming altar of Fedhas.
  6206 | D:5      | Entered Level 5 of the Dungeon
  6209 | D:5      | Noticed a hippogriff
  6688 | D:5      | Reached skill level 5 in Fighting
  6711 | D:5      | Reached XP level 8. HP: 41/49 MP: 11/11
  7054 | D:5      | Killed a hippogriff
  7054 | D:5      | Reached skill level 6 in Fighting
  7500 | D:6      | Found a sand-covered staircase.
  7665 | Ossuary  | Entered an ossuary
  8082 | Ossuary  | Reached skill level 7 in Fighting
  8379 | Ossuary  | Reached skill level 8 in Fighting
  9078 | D:7      | Found a sparkling altar of Nemelex Xobeh.
  9167 | D:7      | Found Entow's Jewellery Boutique.
  9216 | D:7      | Reached XP level 9. HP: 48/60 MP: 12/12
  9282 | D:7      | Found Jockitotz's General Store.
  9350 | D:7      | Found a staircase to the Ecumenical Temple.
  9369 | D:7      | Reached skill level 9 in Fighting
  9384 | Temple   | Entered the Ecumenical Temple
  9544 | Temple   | Became a worshipper of Warmaster Okawaru
 10562 | D:8      | Reached skill level 1 in Invocations
 10562 | D:8      | Reached skill level 1 in Evocations
 10715 | D:8      | Noticed Psyche
 11085 | D:8      | Noticed Pikel
 11087 | D:8      | Reached skill level 10 in Fighting
 11189 | D:8      | Noticed Erica
 11198 | D:8      | Killed Erica
 11329 | D:8      | Killed Psyche
 11329 | D:8      | Reached * piety under Okawaru
 11522 | D:8      | Found a snail-covered altar of Cheibriados.
 11811 | D:8      | Killed Pikel
 11811 | D:8      | Reached skill level 10 in Short Blades
 11811 | D:8      | Reached XP level 10. HP: 67/68 MP: 13/13
 12028 | D:8      | Found a snail-covered altar of Cheibriados.
 12121 | D:9      | Reached skill level 11 in Fighting
 12285 | D:9      | Reached skill level 1 in Armour
 12298 | D:9      | Reached ** piety under Okawaru
 12606 | D:9      | Reached skill level 5 in Evocations
 13024 | D:9      | Reached skill level 5 in Invocations
 13444 | D:9      | Reached skill level 12 in Fighting
 13625 | D:9      | Reached *** piety under Okawaru
 13718 | D:9      | Found an ancient bone altar of Kikubaaqudgha.
 14098 | D:10     | Entered Level 10 of the Dungeon
 14155 | D:10     | Found a runed translucent door.
 14158 | D:10     | Noticed a sixfirhy
 14590 | D:10     | Reached XP level 11. HP: 62/77 MP: 15/15
 14791 | D:10     | Reached skill level 13 in Fighting
 15209 | D:10     | Reached **** piety under Okawaru
 15260 | D:10     | Reached skill level 1 in Long Blades
 15594 | D:10     | Noticed a two-headed ogre
 15636 | D:10     | Killed a two-headed ogre
 15636 | D:10     | Reached skill level 5 in Armour
 16055 | D:11     | Noticed a manticore
 16064 | D:11     | Killed a manticore
 16222 | D:11     | Noticed a purple ugly thing
 16228 | D:11     | Killed a purple ugly thing
 16511 | D:11     | Noticed an oklob plant
 16564 | D:11     | Noticed a manticore
 16577 | D:11     | Killed a manticore
 16827 | D:11     | Reached skill level 14 in Fighting
 17311 | D:11     | Found a staircase to the Orcish Mines.
 17692 | D:11     | Found a staircase to the Lair.
 17751 | D:11     | Noticed a seven-headed hydra
 17780 | D:11     | Noticed Urug
 17781 | D:11     | HP: 3/80 [Urug/+2 war axe of flaming (3)]
 17783 | D:11     | Slain by Urug

Levels and vault maps discovered:
D:1:      onia_arrival_larder, layout_basic, minmay_unequal
D:2:      minmay_recursive_quarters, layout_rooms, lemuel_crystal_altar,
          first_ration, roderic_serpentine_path, uniq_jessica, uniq_sigmund
D:3:      layout_basic, tso_altar, uniq_terence
D:4:      layout_basic, minmay_overflow_temple_star_quad, minivault_5,
          serial_park_tiny_2
D:5:      layout_basic, minmay_manual_mess
D:6:      layout_basic, gup_ossuary_entry_pyramid
D:7:      layout_basic, minmay_temple_entry_gardened_gates, serial_shops,
          nicolae_shop_stone, shop, nemelex_spade_bored_becter
D:8:      layout_gridville, slow_altar_2, blue_anna_alchemist
          [blue_anna_fruit_fields, blue_anna_fruit_fields],
          kennysheep_cross_bottleneck, uniq_erica, uniq_pikel, uniq_psyche
D:9:      layout_loops_ring, lemuel_zombie_altar_kikubaaqudgha,
          ebering_dispersal_statue_hall, dk_noncrumbling_4
D:10:     cheibrodos_shockbox, layout_rooms, special_room [special_room_orc]
D:11:     layout_loops_ring, dpeg_oklobed_lair, david_orc_5, nrook_campfire,
          uniq_urug
Temple:   nicolae_temple_elliptical

Skill      XL: |  1  2  3  4  5  6  7  8  9 10 11 |
---------------+----------------------------------+-----
Short Blades   | 3 4 5 6 8 10 | 10.0
Stealth        | 1 2 4 5 6 |  6.5
Dodging        | 3 4 5 7 |  7.4
Fighting       | 3 4 5 8 10 12 14 | 14.1
Invocations    | 3 5 |  5.0
Evocations     | 4 6 |  6.0
Armour         | 3 5 |  5.1
Long Blades    | 3 |  3.4
Spellcasting   | |  2.1
Charms         | |  2.4

Action                   |  1- 3 |  4- 6 |  7- 9 | 10-12 || total
-------------------------+-------+-------+-------+-------++-------
Melee: Short sword       |    89 |    46 |       |       ||   135
       Dagger            |       |   102 |   680 |   593 ||  1375
       Scimitar          |       |       |       |   245 ||   245
 Cast: Infusion          |     1 |     9 |       |       ||    10
       Shroud of Golubri |       |     5 |     1 |       ||     6
Invok: Heroism           |       |       |       |    10 ||    10
Evoke: Wand              |       |     9 |    10 |     4 ||    23
       Lamp of fire      |       |       |       |     1 ||     1
       Box of beasts     |       |       |       |     1 ||     1
  Use: Scroll            |       |     5 |    10 |     7 ||    22
       Potion            |       |       |     1 |     3 ||     4
 Stab: Sleeping          |     5 |    10 |     2 |       ||    17
       Distracted        |       |     2 |       |       ||     2
  Eat: Chunk             |    10 |    12 |    22 |    30 ||    74
       Ration            |       |       |       |     3 ||     3
Armor: Leather armour    |    17 |    23 |       |       ||    40
       Scale mail        |       |     3 |    71 |       ||    74
       Chain mail        |       |       |    85 |   247 ||   332
Dodge: Dodged            |    53 |    81 |   214 |   225 ||   573
Block: Buckler           |       |       |    27 |   150 ||   177
       Rpst.: Scimitar   |       |       |       |    25 ||    25
